 Dungeon Crawl Stone Soup version 0.31.0-9-g3a7656b989 (webtiles) character file.

Game seed: 12564104004947593246

466 qw the Shooter (level 6, -3/30 HPs)
             Began as a Spriggan Hunter on Feb 2, 2024.
             Slain by an ogre
             ... wielding a +0 giant club
              (20 damage)
             ... on level 4 of the Dungeon.
             The game lasted 00:00:10 (2682 turns).

qw the Shooter (Spriggan Hunter)                    Turns: 2682, Time: 00:00:11

Health: -3/30      AC:  2    Str:  7    XL:     6   Next: 81%
Magic:  0/7        EV: 21    Int: 11    God:
Gold:   223        SH:  0    Dex: 20    Spells: 5/5 levels left

rFire   . . .        a - +0 shortbow (heavy)
rCold   . . .        (shield currently unavailable)
rNeg    . . .        c - +0 robe
rPois   .            (helmet restricted)
rElec   .            (no cloak)
rCorr   .            (gloves unavailable)
SInv    +            (boots unavailable)
Will    +....        d - amulet of guardian spirit
Stlth   ++           (no ring)
HPRegen 0.25/turn    (no ring)
MPRegen 0.10/turn

%: guardian spirit
@: very quick
A: very small, no large weapons, unfitting armour, see invisible, speed 3
a: no special abilities


You were on level 4 of the Dungeon.
You visited 1 branch of the dungeon, and saw 4 of its levels.

You collected 223 gold pieces.


Innate Abilities, Weirdness & Mutations

You are very small and have problems with some larger weapons.
You are too small for most types of armour.
You have supernaturally acute eyesight. (SInv)
You cover ground extremely quickly. (Speed+++)


   Skills:
 - Level 2.0 Fighting
 + Level 6.8 Ranged Weapons
 - Level 6.3 Dodging
 - Level 1.5 Stealth


You had 5 spell levels left.
You didn't know any spells.
Your spell library was empty.

Inventory:

Hand Weapons
 a - a +0 heavy shortbow (weapon)
Armour
 c - a +0 robe (worn)
Jewellery
 d - an amulet of guardian spirit (around neck)
Wands
 h - a wand of mindburst (14)
Scrolls
 e - a scroll of vulnerability {unknown}
 g - 2 scrolls of identify
Potions
 b - 4 potions of curing
 f - a potion of might
 i - a potion of heal wounds {unknown}

Dungeon Overview and Level Annotations

Branches:
Dungeon (4/15)
 Temple: D:4-7

Altars:

Annotations:
D:4 1 runed translucent door, Crazy Yiuf


Message History

You shoot an arrow.
The arrow hits the quokka but does no damage.
You shoot an arrow. The arrow barely misses the quokka.
You shoot an arrow. The arrow hits the quokka!
You kill the quokka!
You now have 223 gold pieces (gained 10).
Found a falchion.
Enter note:
Enter note:
Enter note: A bombardier beetle comes into view.
The bombardier beetle moves out of view.
You shoot an arrow. The arrow hits the bombardier beetle!
The bombardier beetle is heavily wounded.
You shoot an arrow. The arrow hits the bombardier beetle!
You kill the bombardier beetle!
You shoot an arrow. The ogre shouts!
The arrow hits the ogre.
The ogre is lightly wounded.
You shoot an arrow. The arrow hits the ogre.
The ogre is lightly wounded.
You shoot an arrow. The arrow hits the ogre!
The ogre is heavily wounded.
You shoot an arrow. The arrow barely misses the ogre.
You shoot an arrow.
The arrow hits the ogre but does no damage.
The ogre is heavily wounded.
The ogre misses you.
You shoot an arrow. The arrow hits the ogre.
The ogre is severely wounded.
The ogre barely misses you.
You shoot an arrow. The arrow barely misses the ogre.
The ogre hits you with a +0 giant club!
You shoot an arrow. The arrow hits the ogre!
The ogre is almost dead.
The ogre barely misses you.
The ogre hits you with a +0 giant club!!
Ouch! That really hurt!
You die...

##.###.## #.<..## ##.# ##.##
##...## #########..#
##)####.)..# #.........##
##..#.....### ##........(#
##........... ##...####..##
##............ #...## ##.#
#.....########
###########.###########.##
#.............@O......#..#
#.....####....#...##..#..## ###
#...### #....#..[###.#.>.###..
#..#######....##..###.#...##...
#..##).......###......#......##
#.###....#...# ##.....#########
#.# #....#...# ###...# #.#
#...##..## ####.# #.###.####..#
####....#


You could see an ogre.

Vanquished Creatures
  Blork the orc (D:4)
  A scorpion (D:4)
  2 bombardier beetles (D:4)
  A hound (D:4)
  An iguana (D:4)
  An orc wizard (D:4)
  7 gnolls
  4 adders
  4 dart slugs
  2 ribbon worms
  6 orcs
  2 bats
  6 endoplasms
  2 giant cockroaches
  A goblin (D:3)
  4 hobgoblins
  3 jackals (D:4)
  7 kobolds
  4 quokkas
  8 ball pythons
  2 frilled lizards
  8 rats
77 creatures vanquished.

Notes
Turn   | Place    | Note
-------+----------+-------------------------------------------
     0 | D:1      | qw the Spriggan Hunter began the quest for the Orb.
     0 | D:1      | Reached XP level 1. HP: 10/10 MP: 2/2
     0 | D:1      | 0 ||| qw: Version: 0.3-a-155-g5e7d8dd
     0 | D:1      | 0 ||| qw: Game counter: 1662
     0 | D:1      | 0 ||| qw: Melee chars always use a shield: true
     0 | D:1      | 0 ||| qw: God list: Okawaru
     0 | D:1      | 0 ||| qw: Allow faded altars: false
     0 | D:1      | 0 ||| qw: Do Orc after clearing Dungeon:15 true
     0 | D:1      | 0 ||| qw: Do second Lair branch before Depths: true
     0 | D:1      | 0 ||| qw: Lair rune preference: random
     0 | D:1      | 0 ||| qw: Goals: Normal
     0 | D:1      | 0 ||| PLANNING D:1-11
    51 | D:1      | Reached skill level 3 in Dodging
   258 | D:1      | Reached XP level 2. HP: 14/14 MP: 3/3
   411 | D:1      | 411 ||| UPGRADING to amulet of guardian spirit.
   416 | D:1      | 416 ||| READING 3 scrolls labelled ZAIPEP SYQEG.
   416 | D:1      | 416 ||| BRANDING +0 shortbow.
   417 | D:1      | 417 ||| READING 2 scrolls of brand weapon.
   417 | D:1      | 417 ||| BRANDING +0 shortbow of draining.
   418 | D:1      | 418 ||| READING scroll of brand weapon.
   418 | D:1      | 418 ||| BRANDING +0 shortbow of freezing.
   419 | D:1      | 419 ||| READING scroll labelled HENUN BIDGHOAMM.
   420 | D:1      | 420 ||| READING scroll labelled MANTUO KISEY.
   420 | D:1      | 420 ||| IDENTIFYING glowing red potion
   421 | D:1      | 421 ||| DROPPING scroll of butterflies.
   422 | D:1      | 422 ||| DROPPING potion of degeneration.
   508 | D:2      | Reached XP level 3. HP: 18/18 MP: 4/4
   695 | D:2      | Reached XP level 4. HP: 22/22 MP: 5/5
   941 | D:2      | 941 ||| DROPPING ring of magical power.
   942 | D:2      | 942 ||| READING scroll labelled BAOC ZAIKOOSM.
   996 | D:3      | HP: 4/23 [gnoll/+0 spear (4)]
  1000 | D:3      | 1000 ||| FLEEEEING.
  1002 | D:3      | 1002 ||| FLEEEEING.
  1003 | D:3      | 1003 ||| FLEEEEING.
  1004 | D:3      | 1004 ||| FLEEEEING.
  1005 | D:3      | 1005 ||| FLEEEEING.
  1006 | D:3      | 1006 ||| FLEEEEING.
  1007 | D:3      | 1007 ||| FLEEEEING.
  1008 | D:3      | 1008 ||| FLEEEEING.
  1009 | D:3      | 1009 ||| FLEEEEING.
  1010 | D:3      | 1010 ||| FLEEEEING.
  1011 | D:3      | 1011 ||| STAIRDANCE
  1080 | D:2      | 1080 ||| READING scroll labelled MITAUPR INWEA.
  1085 | D:2      | 1085 ||| DRINKING 3 white potions.
  1111 | D:3      | Reached XP level 5. HP: 15/26 MP: 3/6
  1688 | D:3      | 1688 ||| READING scroll of identify.
  1688 | D:3      | 1688 ||| IDENTIFYING fuming orange potion
  1689 | D:3      | 1689 ||| READING scroll labelled DANWIO TANA.
  1784 | D:4      | Noticed an ogre
  1785 | D:4      | 1785 ||| RETREEEEATING.
  1842 | D:4      | Reached skill level 6 in Ranged Weapons
  1842 | D:4      | Reached XP level 6. HP: 27/30 MP: 5/7
  1942 | D:4      | Found a runed translucent door.
  1943 | D:4      | Noticed Crazy Yiuf
  2015 | D:4      | Noticed Blork the orc
  2022 | D:4      | Killed Blork the orc
  2023 | D:4      | Reached skill level 6 in Dodging
  2682 | D:4      | Slain by an ogre

Levels and vault maps discovered:
D:1:      psy_arrival_fountain, layout_rooms, minmay_statues_item
D:2:      layout_basic, amethyst_killhole, hangedman_decor_growths
D:3:      layout_rooms, serial_aquarium, aquarium_bridge_square
          [aquarium_subvault_bridge, aquarium_subvault_bridge,
          aquarium_subvault_bridge, aquarium_subvault_bridge],
          aquarium_bridge_long_separate [aquarium_subvault_window,
          aquarium_subvault_bridge, aquarium_subvault_wall,
          aquarium_subvault_wall, aquarium_subvault_bridge,
          aquarium_subvault_balcony], aquarium_window_corner,
          aquarium_window_fake, aquarium_window_2, aquarium_window_2,
          aquarium_view_2d, aquarium_view_4, aquarium_pool_2,
          chequers_serial_rivers_micro_e
D:4:      minmay_recursive_quarters, layout_layer_cave, uniq_crazy_yiuf_cottage,
          uniq_blork_the_orc

Skill      XL: |  1  2  3  4  5  6 |
---------------+-------------------+-----
Dodging        | 3 4 5 6 |  6.3
Ranged Weapons | 5 6 |  6.8
Fighting       | 2 |  2.0
Stealth        | |  1.5

Action                     |  1- 3 |  4- 6 || total
---------------------------+-------+-------++-------
   Fire: Shortbow          |    70 |   122 ||   192
    Use: Scroll            |     5 |     4 ||     9
         Potion            |       |     1 ||     1
 Armour: Robe              |     2 |    14 ||    16
  Dodge: Dodged            |    26 |    42 ||    68

Table legend:
 A = Non-vault XP
 B = Vault XP
 C = Vault XP percentage of total XP
 D = Non-vault monster count
 E = Vault monster count
 F = Vault count percentage of total count
                 A         B        C        D         E       F
            +---------+---------+-------+---------+---------+-------
      Total |     439 |     228 |  34.2 |      71 |       6 |   7.8
            +---------+---------+-------+---------+---------+-------
        D:1 |      24 |       0 |   0.0 |      12 |       0 |   0.0
        D:2 |     111 |       0 |   0.0 |      22 |       0 |   0.0
        D:3 |      80 |       0 |   0.0 |      15 |       0 |   0.0
        D:4 |     224 |     228 |  50.4 |      22 |       6 |  21.4
            +---------+---------+-------+---------+---------+-------
